SL
GRAFTON MIDDIES @ MONTANA PANDAS
09/23/2027
 
TOP OF THE 1ST
Grafton Middies batting - Pitching for Montana Pandas : RHP Lawrence Bignold
Pitching: RHP Lawrence Bignold
Batting: RHB Pedro Santos 0-0: Swinging Strike
0-1: Ball
1-1: Swinging Strike
1-2: Ball
2-2: Ball
3-2: Fly out, F6 (Line Drive, 6M)
Batting: RHB Carlos Maldonado 0-0: Called Strike
0-1: Foul Ball, location: 2F
0-2: Ball
1-2: Ball
2-2: Fly out, F8 (Flyball, 89M)
Batting: LHB Mario Ramos 0-0: Called Strike
0-1: SINGLE (Line Drive, 4M)
Batting: RHB Stefano Gaddi 0-0: Called Strike
0-1: Swinging Strike
0-2: Foul Ball, location: 2F
0-2: Strikes out looking
Top of the 1st over - 0 run(s), 1 hit(s), 0 error(s), 1 left on base; Grafton 0 - Montana 0
BOTTOM OF THE 1ST
Montana Pandas batting - Pitching for Grafton Middies : RHP António Marés
Pitching: RHP António Marés
Batting: RHB Tom Baker 0-0: Called Strike
0-1: Ball
1-1: Swinging Strike
1-2: Strikes out swinging
Batting: SHB Jake Richardson 0-0: Called Strike
0-1: Fly out, F8 (Line Drive, 8RS)
Batting: LHB Jeff Rutherford 0-0: Swinging Strike
0-1: Foul Ball, location: 2F
0-2: Strikes out swinging
Bottom of the 1st over - 0 run(s), 0 hit(s), 0 error(s), 0 left on base; Grafton 0 - Montana 0
TOP OF THE 2ND
Grafton Middies batting - Pitching for Montana Pandas : RHP Lawrence Bignold
Batting: SHB Jack MacAsgill 0-0: Called Strike
0-1: Foul Ball, location: 2F
0-2: Ball
1-2: Ball
2-2: Fly out, F8 (Line Drive, 8RXD)
Batting: RHB Dave Ash 0-0: Ball
1-0: Ball
2-0: Ball
3-0: Base on Balls
Batting: RHB Scotty Anderson 0-0: Grounds into double play, 6-4-3 (Groundball, 6)
Top of the 2nd over - 0 run(s), 0 hit(s), 0 error(s), 0 left on base; Grafton 0 - Montana 0
BOTTOM OF THE 2ND
Montana Pandas batting - Pitching for Grafton Middies : RHP António Marés
Batting: SHB Ramiro Salazar 0-0: Ball
1-0: Ball
2-0: Foul Ball, location: 2F
2-1: Foul Ball, location: 2F
2-2: Strikes out swinging
Batting: LHB Clay Rush 0-0: Ball
1-0: Ball
2-0: Ball
3-0: Called Strike
3-1: Base on Balls
Batting: RHB Pancho Salaedo 0-0: Swinging Strike
0-1: Swinging Strike
0-2: Ball
1-2: Strikes out looking
Batting: LHB Magali Lenidas 0-0: Called Strike
0-1: Ball
1-1: Foul Ball, location: 2F
1-2: Fly out, F7 (Flyball, 78S)
Bottom of the 2nd over - 0 run(s), 0 hit(s), 0 error(s), 1 left on base; Grafton 0 - Montana 0
TOP OF THE 3RD
Grafton Middies batting - Pitching for Montana Pandas : RHP Lawrence Bignold
Batting: RHB Ramón Gómez 0-0: Called Strike
0-1: Ball
1-1: Called Strike
1-2: Ball
2-2: Strikes out swinging
Batting: RHB Orlando Reyes 0-0: Ground out 6-3 (Groundball, 56)
Batting: RHB Pedro Santos 0-0: Ball
1-0: Called Strike
1-1: Ball
2-1: Ball
3-1: Foul Ball, location: 2F
3-2: Strikes out swinging
Top of the 3rd over - 0 run(s), 0 hit(s), 0 error(s), 0 left on base; Grafton 0 - Montana 0
BOTTOM OF THE 3RD
Montana Pandas batting - Pitching for Grafton Middies : RHP António Marés
Batting: RHB Luis Antonio Hernández 0-0: Bunted foul
0-1: Ball
1-1: Ball
2-1: Swinging Strike
2-2: Strikes out swinging
Batting: RHB Gaston Waller 0-0: Foul Ball, location: 2F
0-1: Called Strike
0-2: SINGLE (Groundball, 56D)
Batting: RHB Tom Baker 0-0: Ball
1-0: Grounds into double play, 5-4-3 (Groundball, 56)
Bottom of the 3rd over - 0 run(s), 1 hit(s), 0 error(s), 0 left on base; Grafton 0 - Montana 0
TOP OF THE 4TH
Grafton Middies batting - Pitching for Montana Pandas : RHP Lawrence Bignold
Batting: RHB Carlos Maldonado 0-0: Ball
1-0: Called Strike
1-1: Foul Ball, location: 2F
1-2: SINGLE (Line Drive, 78M)
Batting: LHB Mario Ramos 0-0: 2-RUN HOME RUN (Flyball, 9LD), Distance : 325 ft
Batting: RHB Stefano Gaddi 0-0: Called Strike
0-1: Fly out, F7 (Flyball, 7LS)
Batting: SHB Jack MacAsgill 0-0: Ball
1-0: Ball
2-0: Foul Ball, location: 2F
2-1: Ball
3-1: Called Strike
3-2: SINGLE (Line Drive, 78S)
Pitching: RHP Steve Bryan
Batting: RHB Dave Ash 0-0: Ball
1-0: Called Strike
1-1: Ball
2-1: DOUBLE (Line Drive, 9LM)
Jack MacAsgill to third
Runner from 3rd tries for Home, SAFE, no throw
Batting: RHB Scotty Anderson 0-0: Ball
1-0: Called Strike
1-1: Swinging Strike
1-2: Reached on error, E9 (Flyball, 9)
Dave Ash to third
Batting: RHB Ramón Gómez 0-0: Ball
1-0: Ball
2-0: Foul Ball, location: 2F
2-1: Ball
3-1: Base on Balls
Scotty Anderson to second
Batting: RHB Orlando Reyes 0-0: SINGLE (Groundball, 6S) (infield hit)
Dave Ash scores
Scotty Anderson to third
Ramón Gómez to second
Batting: RHB Pedro Santos 0-0: Ball
1-0: Ball
2-0: Called Strike
2-1: Ground out 5-3 (Groundball, 5S)
Scotty Anderson scores
Ramón Gómez to third
Orlando Reyes to second
Batting: RHB Carlos Maldonado 0-0: SINGLE (Line Drive, 5)
Ramón Gómez scores
Orlando Reyes to third
Runner from 3rd tries for Home, SAFE, no throw
Pitching: RHP Alfredo Ríos
Batting: LHB Mario Ramos 0-0: Swinging Strike
0-1: Ball
1-1: Swinging Strike
1-2: Foul Ball, location: 2F
1-2: Foul Ball, location: 2F
1-2: Ball
Carlos Maldonado steals 2nd base
2-2: Ground out 6-3 (Groundball, 6D)
Top of the 4th over - 7 run(s), 6 hit(s), 1 error(s), 1 left on base; Grafton 7 - Montana 0
BOTTOM OF THE 4TH
Montana Pandas batting - Pitching for Grafton Middies : RHP António Marés
Batting: SHB Jake Richardson 0-0: Ball
1-0: Ball
2-0: Called Strike
2-1: Foul Ball, location: 2F
2-2: Ball
3-2: Base on Balls
Batting: LHB Jeff Rutherford 0-0: Ball
1-0: Foul Ball, location: 2F
1-1: Called Strike
1-2: SINGLE (Line Drive, 8LS)
Jake Richardson to second
Batting: SHB Ramiro Salazar 0-0: Foul Ball, location: 2F
0-1: Foul Ball, location: 2F
0-2: Fly out, F7 (Flyball, 7)
Batting: LHB Clay Rush 0-0: Called Strike
0-1: Ball
1-1: Fly out, F4 (Line Drive, 4M)
Batting: RHB Pancho Salaedo 0-0: Fly out, F9 (Flyball, 9S)
Bottom of the 4th over - 0 run(s), 1 hit(s), 0 error(s), 2 left on base; Grafton 7 - Montana 0
TOP OF THE 5TH
Grafton Middies batting - Pitching for Montana Pandas : RHP Alfredo Ríos
Batting: RHB Stefano Gaddi 0-0: DOUBLE (Line Drive, 7LM)
Batting: SHB Jack MacAsgill 0-0: Called Strike
0-1: Ball
1-1: Swinging Strike
1-2: Strikes out swinging
Batting: RHB Dave Ash 0-0: Fly out, F4 (Popup, 34D)
Batting: RHB Scotty Anderson 0-0: Ball
1-0: Called Strike
1-1: Ball
2-1: Fly out, F3 (Popup, 3L)
Top of the 5th over - 0 run(s), 1 hit(s), 0 error(s), 1 left on base; Grafton 7 - Montana 0
BOTTOM OF THE 5TH
Montana Pandas batting - Pitching for Grafton Middies : RHP António Marés
Batting: LHB Magali Lenidas 0-0: Ground out 4-3 (Groundball, 4)
Batting: RHB Luis Antonio Hernández 0-0: Swinging Strike
0-1: Ground out 6-3 (Groundball, 6)
Batting: RHB Gaston Waller 0-0: Fly out, F9 (Flyball, 9S)
Bottom of the 5th over - 0 run(s), 0 hit(s), 0 error(s), 0 left on base; Grafton 7 - Montana 0
TOP OF THE 6TH
Grafton Middies batting - Pitching for Montana Pandas : RHP Alfredo Ríos
Batting: RHB Ramón Gómez 0-0: Ball
1-0: Ball
2-0: Foul Ball, location: 2F
2-1: Foul Ball, location: 2F
2-2: Ball
3-2: Base on Balls
Batting: RHB Orlando Reyes 0-0: Swinging Strike
0-1: Called Strike
0-2: Ball
1-2: Strikes out swinging
Batting: RHB Pedro Santos 0-0: Ball
1-0: Ball
2-0: Called Strike
2-1: Ball
3-1: Foul Ball, location: 2F
3-2: Base on Balls
Ramón Gómez to second
Batting: RHB Carlos Maldonado 0-0: Fly out, F8 (Line Drive, 8LD)
Runner from 2nd tags up, SAFE at 3rd, no throw
Batting: LHB Mario Ramos 0-0: Ball
Pedro Santos steals 2nd base
1-0: Foul Ball, location: 2F
1-1: Fly out, F7 (Flyball, 78S)
Top of the 6th over - 0 run(s), 0 hit(s), 0 error(s), 2 left on base; Grafton 7 - Montana 0
BOTTOM OF THE 6TH
Montana Pandas batting - Pitching for Grafton Middies : RHP António Marés
Batting: RHB Tom Baker 0-0: Fly out, F9 (Flyball, 89M)
Batting: SHB Jake Richardson 0-0: Foul Ball, location: 2F
0-1: Foul Ball, location: 2F
0-2: Ball
1-2: Ball
2-2: Foul Ball, location: 2F
2-2: Foul Ball, location: 2F
2-2: Fly out, F9 (Flyball, 9S)
Batting: LHB Jeff Rutherford 0-0: Foul Ball, location: 2F
0-1: Ball
1-1: Fly out, F9 (Flyball, 9)
Bottom of the 6th over - 0 run(s), 0 hit(s), 0 error(s), 0 left on base; Grafton 7 - Montana 0
TOP OF THE 7TH
Grafton Middies batting - Pitching for Montana Pandas : RHP Alfredo Ríos
Pitching: RHP Tim Cross
Batting: RHB Stefano Gaddi 0-0: Ground out 5-3 (Groundball, 56)
Now at 3B: Kap-yong Chong
Batting: SHB Jack MacAsgill 0-0: Ball
1-0: Ground out U3 (Groundball, 34)
Batting: RHB Dave Ash 0-0: Called Strike
0-1: Ground out 3-1 (Groundball, 34)
Top of the 7th over - 0 run(s), 0 hit(s), 0 error(s), 0 left on base; Grafton 7 - Montana 0
BOTTOM OF THE 7TH
Montana Pandas batting - Pitching for Grafton Middies : RHP António Marés
Batting: SHB Ramiro Salazar 0-0: Ball
1-0: Reached on error, E8 (Flyball, 8LM)
Batting: LHB Clay Rush 0-0: Ball
Wild Pitch!
Ramiro Salazar to second
1-0: Swinging Strike
1-1: Foul Ball, location: 2F
1-2: Ball
2-2: Ball
3-2: Base on Balls
Batting: RHB Pancho Salaedo 0-0: Foul Ball, location: 2F
0-1: Swinging Strike
0-2: Ball
1-2: SINGLE (Groundball, 34D)
Ramiro Salazar to third
Clay Rush to second
Runner from 3rd tries for Home, throw and OUT!
Batting: RHB Kap-yong Chong 0-0: Swinging Strike
0-1: Ball
1-1: Swinging Strike
1-2: Ball
2-2: Strikes out looking
Batting: RHB Luis Antonio Hernández 0-0: Fly out, F9 (Flyball, 9LS)
Bottom of the 7th over - 0 run(s), 1 hit(s), 1 error(s), 2 left on base; Grafton 7 - Montana 0
TOP OF THE 8TH
Grafton Middies batting - Pitching for Montana Pandas : RHP Tim Cross
Batting: RHB Scotty Anderson 0-0: Ball
1-0: Ground out 6-3 (Groundball, 6)
Batting: RHB Ramón Gómez 0-0: Ball
1-0: Foul Ball, location: 2F
1-1: Ball
2-1: Foul Ball, location: 2F
2-2: Strikes out swinging
Batting: RHB Orlando Reyes 0-0: Fly out, F8 (Flyball, 8RM)
Top of the 8th over - 0 run(s), 0 hit(s), 0 error(s), 0 left on base; Grafton 7 - Montana 0
BOTTOM OF THE 8TH
Montana Pandas batting - Pitching for Grafton Middies : RHP António Marés
Batting: RHB Gaston Waller 0-0: Called Strike
0-1: Ball
1-1: Ball
2-1: SINGLE (Groundball, 56D)
Batting: RHB Tom Baker 0-0: Ball
1-0: Ball
2-0: Called Strike
2-1: Called Strike
2-2: Ball
3-2: Strikes out swinging
Batting: SHB Jake Richardson 0-0: Swinging Strike
0-1: Foul Ball, location: 2F
0-2: Foul Ball, location: 2F
0-2: Ball
1-2: Ball
2-2: Foul Ball, location: 2F
2-2: Strikes out swinging
Batting: LHB Jeff Rutherford 0-0: Swinging Strike
0-1: Ball
1-1: Swinging Strike
1-2: Ball
2-2: Foul Ball, location: 2F
2-2: Fly out, F7 (Flyball, 7S)
Bottom of the 8th over - 0 run(s), 1 hit(s), 0 error(s), 1 left on base; Grafton 7 - Montana 0
TOP OF THE 9TH
Grafton Middies batting - Pitching for Montana Pandas : RHP Tim Cross
Batting: RHB Pedro Santos 0-0: Ball
1-0: Ball
2-0: Ball
3-0: Called Strike
3-1: Foul Ball, location: 2F
3-2: Base on Balls
Pinch Hitting: LHB John Meléndez 0-0: Foul Ball, location: 2F
0-1: Ball
Pedro Santos steals 2nd base
1-1: Ball
2-1: Ball
3-1: Called Strike
3-2: Strikes out swinging
Batting: LHB Mario Ramos 0-0: Called Strike
0-1: Ball
1-1: Called Strike
1-2: Strikes out swinging
Batting: RHB Stefano Gaddi 0-0: SINGLE (Line Drive, 7LM)
Pedro Santos to third
Runner from 3rd tries for Home, SAFE, no throw
Batting: SHB Jack MacAsgill 0-0: Swinging Strike
0-1: Foul Ball, location: 2F
0-2: Ball
1-2: Strikes out swinging
Top of the 9th over - 1 run(s), 1 hit(s), 0 error(s), 1 left on base; Grafton 8 - Montana 0
BOTTOM OF THE 9TH
Montana Pandas batting - Pitching for Grafton Middies : RHP António Marés
Now at SS: Wes Bradley
Batting: SHB Ramiro Salazar 0-0: Ball
1-0: Called Strike
1-1: Swinging Strike
1-2: Strikes out swinging
Pinch Hitting: RHB Fokke Willemsen 0-0: Ball
1-0: Foul Ball, location: 2F
1-1: Ball
2-1: Foul Ball, location: 2F
2-2: Ball
3-2: Foul Ball, location: 2F
3-2: Fly out, F5 (Flyball, 5D)
Batting: RHB Pancho Salaedo 0-0: Ball
1-0: Swinging Strike
1-1: SINGLE (Line Drive, 56D)
Pitching: RHP Domingo Álvarez
Batting: RHB Kap-yong Chong 0-0: Foul Ball, location: 2F
0-1: Foul Ball, location: 2F
0-2: Ball
1-2: Foul Ball, location: 2F
1-2: Strikes out swinging
Bottom of the 9th over - 0 run(s), 1 hit(s), 0 error(s), 1 left on base; Grafton 8 - Montana 0
Saturday, May 26th, 2018 - OOTP Baseball 17.12 Build 75